 Dungeon Crawl Stone Soup version 0.22-a0-135-g6f012ad (webtiles) character file.

27 sankara the Grave Robber (level 2, 0/19 HPs)
             Began as a Demonspawn Necromancer on Feb 1, 2018.
             Slain by an adder (3 damage)
             ... on level 2 of the Dungeon.
             The game lasted 00:07:30 (1020 turns).

sankara the Grave Robber (Demonspawn Necromancer)   Turns: 1020, Time: 00:07:31

Health: 0/19       AC:  2    Str:  5 (8)  XL:     2   Next: 93%
Magic:  0/5        EV: 12    Int: 19 (21) God:
Gold:   67         SH:  0    Dex: 11 (13) Spells: 3/5 levels left

rFire    . . .     SeeInvis .   d - +2 whip (venom)
rCold    . . .     Gourm    .   (no shield)
rNeg     . . .     Faith    .   a - +0 robe
rPois    .         Spirit   +   (no helmet)
rElec    .         Reflect  .   s - scarf {Spirit}
rCorr    .         Harm     .   (no gloves)
MR       .....                  (no boots)
Stlth    ++........             (no amulet)
HPRegen  0.06/turn              (no ring)
MPRegen  0.09/turn              (no ring)

@: brilliant, lethally poisoned (0 -> -11)
A: powered by death 1
a: no special abilities


You were on level 2 of the Dungeon.
You were not hungry.

You visited 1 branch of the dungeon, and saw 2 of its levels.

You collected 67 gold pieces.

Inventory:

Hand Weapons
 d - a +2 whip of venom (weapon)
 e - a +0 hunting sling
 v - a +2 dagger of holy wrath
Missiles
 o - 13 stones (quivered)
 t - 25 sling bullets
Armour
 a - a +0 robe (worn)
 s - a scarf of spirit shield (worn)
Jewellery
 h - an uncursed ring of protection from magic
 m - an uncursed amulet of faith
 r - an uncursed amulet of guardian spirit {unknown}
Scrolls
 i - a scroll of fear
 j - a scroll of enchant weapon {unknown}
 l - a scroll of enchant armour {unknown}
 p - a scroll of blinking {unknown}
 q - a scroll of teleportation {unknown}
 u - a scroll of amnesia {unknown}
Potions
 k - a potion of curing {unknown}
Books
 b - a book of Necromancy

   Spells                             Type                      Level
   a - Pain                           Necromancy                   1
   b - Animate Skeleton               Necromancy                   1
   c - Vampiric Draining              Necromancy                   3
   d - Regeneration                   Charms/Necromancy            3
   e - Animate Dead                   Necromancy                   4
Comestibles
 c - a ration


   Skills:
 + Level 1.2 Maces & Flails
 - Level 1.7 Dodging
 - Level 1.7 Stealth
 + Level 2.4 Spellcasting
 + Level 4.7 Necromancy


You had 3 spell levels left.
You knew the following spells:

 Your Spells              Type           Power        Failure   Level  Hunger
a - Pain                  Necr           ####         1%          1    #......
b - Animate Skeleton      Necr           N/A          1%          1    #......


Dungeon Overview and Level Annotations

Branches:
Dungeon (2/15)

Altars:


Innate Abilities, Weirdness & Mutations

You regenerate a little health from kills.


Message History

You feel sick.
You closely miss the adder.
The adder is severely wounded.
You feel sick. The adder bites you.
You are lethally poisoned!
The adder poisons you!
You miss the adder.
The adder is severely wounded.
You feel sick. The adder bites you.
* * * LOW HITPOINT WARNING * * *
The adder misses you.
It was a potion of degeneration.
There was something very wrong with that liquid.
You feel weakened.
You feel dopey.
You feel clumsy. The adder closely misses you.
It was a potion of brilliance.
You feel clever all of a sudden.
* * * LOW HITPOINT WARNING * * *
You feel sick. The adder bites you.
You die...

###### ...#.. #######
......### ..[....
........##### .......
...#........####.......
..............@Sg......
#......###.####.....l.
.....#..# #............
########..########.......
<........................
#########################


You could see an adder, a leopard gecko (wandering) and a goblin.

Vanquished Creatures
  A dart slug (D:1)
  A giant cockroach (D:1)
  3 goblins (D:1)
  7 hobgoblins (D:1)
  3 jackals (D:1)
  4 bats (D:1)
  A frilled lizard (D:1)
  A kobold (D:1)
21 creatures vanquished.

Notes
Turn   | Place    | Note
-------+----------+-------------------------------------------
     0 | D:1      | sankara the Demonspawn Necromancer began the quest for the Orb.
     0 | D:1      | Reached XP level 1. HP: 13/13 MP: 3/3
     6 | D:1      | Learned a level 1 spell: Animate Skeleton
   359 | D:1      | Gained mutation: You regenerate a little health from kills. [demonic ancestry]
   359 | D:1      | Reached XP level 2. HP: 10/19 MP: 0/5
   620 | D:1      | Reached skill level 1 in Maces & Flails
  1020 | D:2      | Slain by an adder

Vault maps used:
D:1:      scummos_arrival_star
D:2:      lemuel_blue_sif_altar, lemuel_crystal_altar,
          overflow_temple_1_default, chequers_ecumenical_altar_twisty,
          first_ration

Skill      XL: |  1  2 |
---------------+-------+-----
Maces & Flails | 1 |  1.2
Dodging        | |  1.7
Stealth        | |  1.7
Spellcasting   | |  2.4
Necromancy     | |  4.7

Action                   || total
-------------------------++-------
Melee: Whip              ||    27
 Cast: Pain              ||    26
       Animate Skeleton  ||     1
  Use: Scroll            ||     2
       Potion            ||     2
 Stab: Sleeping          ||     1
  Eat: Chunk             ||     1
Armor: Robe              ||     9
Dodge: Dodged            ||    18

Table legend:
 A = Spawn XP
 B = Non-spawn XP
 C = Spawn XP percentage of total XP
 D = Spawn monster count
 E = Non-spawn monster count
 F = Spawn count percentage of total count
 G = Total turns spent on level
                    A         B        C        D         E        F      G
               +---------+---------+-------+---------+---------+-------+---------
         Total |       0 |      39 |   0.0 |       0 |      21 |   0.0 |  1020
               +---------+---------+-------+---------+---------+-------+---------
           D:1 |       0 |      39 |   0.0 |       0 |      21 |   0.0 |   986
               +---------+---------+-------+---------+---------+-------+---------
